 Dungeon Crawl Stone Soup version 0.28-b1-25-g9875b3fc8c (webtiles) character file.

Game seed: 9121985211197280401

3699 cbfl8 the Cleaver (level 9, 0/79 HPs)
             Began as a Minotaur Delver on Feb 2, 2022.
             Was an Initiate of Ashenzari.
             Slain by an orc warrior (3 damage)
             ... on level 8 of the Dungeon.
             The game lasted 00:20:08 (9446 turns).

cbfl8 the Cleaver (Minotaur Delver)                 Turns: 9446, Time: 00:20:10

Health: 0/79       AC: 15    Str: 21    XL:     9   Next: 91%
Magic:  8/8        EV:  9    Int:  7    God:    Ashenzari [......]
Gold:   408        SH:  0    Dex: 12    Spells: 8/8 levels left

rFire   . . .      SeeInvis .   s - +3 hand axe
rCold   + . .      Faith    .   i - orb {*Rage}
rNeg    . . .      Spirit   .   E - +1 chain mail {rC+}
rPois   +          Reflect  .   (helmet restricted)
rElec   .          Harm     .   r - +1 cloak {rCorr}
rCorr   +          Rampage  .   y - +0 pair of gloves
Will    +....      Rage     20% (no boots)
Stlth   ..........              (no amulet)
HPRegen 0.23/turn               v - ring of willpower
MPRegen 0.11/turn               A - ring of poison resistance

@: mighty, lethally poisoned (0 -> -13), on berserk cooldown, slowed, very slow
A: horns 2, retaliatory headbutt
a: Renounce Religion, Curse Item


You were on level 8 of the Dungeon.
You worshipped Ashenzari.
Ashenzari was noncommittal.
You visited 2 branches of the dungeon, and saw 9 of its levels.

You collected 408 gold pieces.

Inventory:

Hand Weapons
 a - a +0 hand axe
 l - a +0 antimagic trident
 q - a +2 short sword of speed
 s - a +3 hand axe (weapon)
 F - a +0 short sword of protection
 G - a +3 morningstar
Missiles
 e - a boomerang of dispersal (quivered)
Armour
 b - a +0 leather armour
 h - a +0 ring mail
 i - an orb of wrath (worn)
 k - a +0 scale mail
 r - a +1 cloak of preservation (worn)
 y - a +0 pair of gloves (worn)
 E - a +1 chain mail of cold resistance (worn)
Magical Staves
 n - a staff of earth
 D - a staff of cold
Jewellery
 v - a ring of willpower (left hand)
 A - a ring of poison resistance (right hand)
 K - a ring of poison resistance
Wands
 g - a wand of digging (3)
 z - a wand of iceblast (12)
 B - a wand of flame (26)
 J - a wand of paralysis (12)
Scrolls
 c - 2 scrolls of fog
 d - 2 scrolls of blinking {unknown}
 f - 2 scrolls of vulnerability {unknown}
 j - 5 scrolls of immolation
 u - a scroll of enchant armour
 C - 4 scrolls of identify
 H - 2 scrolls of summoning {unknown}
Potions
 m - a potion of attraction
 o - a potion of curing {unknown}
 t - a potion of ambrosia
 x - a potion of mutation {unknown}
 I - a potion of haste


   Skills:
 + Level 7.5 Fighting
 + Level 3.7 Short Blades
 + Level 9.4 Axes
 + Level 8.7 Armour
 + Level 5.0 Dodging
 + Level 6.4 Stealth
 + Level 0.1 Evocations


You had 8 spell levels left.
You didn't know any spells.
Your spell library contained the following spells:

 Spells                   Type           Power      Damage    Failure   Level
 Sandblast                Erth           0%         2d4       97%         1
 Passwall                 Tmut/Erth      0%         N/A       99%         2
 Sublimation of Blood     Necr           0%         N/A       99%         2
 Ozocubu's Armour         Ice            0%         N/A       100%        3
 Stone Arrow              Conj/Erth      0%         3d7       100%        3
 Petrify                  Tmut/Erth      0%         N/A       100%        4
 Irradiate                Conj/Tmut      0%         3d14      100%        5
 Metabolic Englaciation   Hex/Ice        0%         N/A       100%        5
 Simulacrum               Ice/Necr       0%         N/A       100%        6
 Ozocubu's Refrigeration  Ice            0%         4d5       100%        7


Dungeon Overview and Level Annotations

Branches:
Dungeon (8/15)             Temple (1/1) D:6
   Lair: D:8-11

Altars:
Ashenzari
Cheibriados
Dithmenos
Elyvilon
Fedhas
Gozag
Hepliaklqana
Kikubaaqudgha
Makhleb
Nemelex Xobeh
Okawaru
Qazlal
Ru
Sif Muna
Trog
Uskayaw
Vehumet
Wu Jian
Xom
Yredelemnul
Zin
The Shining One

Annotations:
D:3 3 runed translucent doors, ISoar's ghost, amateur GrFi


Innate Abilities, Weirdness & Mutations

You have a pair of horns on your head.
You reflexively headbutt those who attack you in melee.


Message History

You completely miss the orc warrior. You headbutt the orc warrior.
The orc warrior is lightly wounded.
You hit the howler monkey but do no damage.
You slash the howler monkey!
You feel very sick.
The orc warrior hits you with a +1 hand axe of venom!
You are more poisoned.
The howler monkey hoots and howls with incredible vigour!
The howler monkey closely misses you.
The orc warrior hits you with a +1 hand axe of venom!
The howler monkey hits you but does no damage.
You hear a shout!
You hit the orc warrior.
The orc warrior is moderately wounded.
You slash the howler monkey!
You kill the howler monkey!
You hit the howler monkey.
You feel extremely sick. The howler monkey barely misses you.
The orc warrior hits you with a +1 hand axe of venom!
You are lethally poisoned!
The howler monkey hits you but does no damage.
You closely miss the orc warrior. You headbutt the orc warrior.
The orc warrior is heavily wounded.
You hit the orc wizard. You hit the howler monkey.
* * * LOW HITPOINT WARNING * * *
You feel extremely sick.
The orc wizard hits you but does no damage.
The orc warrior hits you with a +1 hand axe of venom.
* * * LOW HITPOINT WARNING * * *
The howler monkey hits you.
* * * LOW HITPOINT WARNING * * *
You feel very mighty all of a sudden.
* * * LOW HITPOINT WARNING * * *
You feel extremely sick.
The howler monkey hits you but does no damage.
The orc wizard casts a spell at you. You resist with almost no effort.
The orc warrior hits you with a +1 hand axe of venom.
You die...

* *,,,,** **,,,*********
**≈≈≈ ****,*,**
*#'#..,,,,,,* **≈≈
,,,,,*,*****####.#.#*****,*
**, ******,,,,,,,..#.#.#
*,*****,,
*,******#.#.#.#*****,*,,,,,,
*,* #.....#*,,,,,,,,≈≈≈≈ *,*
#####.....##.#**,,,≈≈***
*,**#.....hoo....#**,,,≈≈***
*,,,,,***,#@#,,,,,,,,,,,≈≈≈≈
*,*******,#.#*********,,,,,,
*,,,,,,,,,#)# *****,,
**********#.# **,
########### #.# **≈≈
#........<### #.# **≈≈≈
#.#######...## #.# **≈≈≈≈
#.# ##.###>###.# **≈≈≈≈≈ #.#
###.## ##.##.# *,≈≈≈≈*


You could see an orc warrior, a howler monkey and an orc wizard.

Vanquished Creatures
  A gargoyle (D:8)
  Grinder (D:3)
  Sigmund (D:3)
  6 yaks
  3 water moccasins
  An orc warrior (D:6)
  An ice beast (D:6)
  A black bear (D:6)
  2 centaurs
  A phantom (D:5)
  A kobold brigand (D:6)
  A gnoll sergeant (D:6)
  A bullfrog (D:7)
  2 water moccasin skeletons (D:6)
  A killer bee (D:6)
  5 howler monkeys
  A gnoll shaman (D:5)
  A bullfrog zombie (D:6)
  5 hounds
  A centaur skeleton (D:5)
  5 centaur zombies
  An orc priest (D:7)
  An iguana (D:5)
  Natasha (twice) (D:2)
  4 orc wizards
  8 adders
  4 gnolls (D:5)
  A worm (D:3)
  4 dart slugs
  19 orcs
  3 bats
  3 endoplasms
  A giant cockroach (D:3)
  5 goblins
  9 hobgoblins
  13 jackals
  6 kobolds
  8 quokkas
  9 ball pythons
  A frilled lizard (D:1)
  4 rats
148 creatures vanquished.

Vanquished Creatures (others)
  An orc wizard (D:8)
1 creature vanquished.

Grand Total: 149 creatures vanquished

Notes
Turn   | Place    | Note
-------+----------+-------------------------------------------
     0 | D:5      | cbfl8 the Minotaur Delver began the quest for the Orb.
     0 | D:5      | Reached XP level 1. HP: 19/19 MP: 0/0
    92 | D:5      | Reached XP level 2. HP: 26/27 MP: 1/1
   124 | D:4      | Reached XP level 3. HP: 23/33 MP: 2/2
   270 | D:3      | Noticed Sigmund
   285 | D:3      | Killed Sigmund
   286 | D:3      | Reached skill level 3 in Axes
   286 | D:3      | Reached skill level 1 in Armour
   286 | D:3      | Reached skill level 5 in Stealth
   286 | D:3      | Reached XP level 4. HP: 8/41 MP: 3/3
   286 | D:3      | Reached XP level 5. HP: 9/47 MP: 4/4
   970 | D:1      | Found a faded altar of an unknown god.
  1485 | D:1      | Reached XP level 6. HP: 48/53 MP: 5/5
  1941 | D:2      | Noticed Natasha
  1952 | D:2      | Killed Natasha
  1953 | D:2      | Reached skill level 1 in Short Blades
  2174 | D:2      | Noticed Natasha
  2182 | D:2      | Killed Natasha
  2416 | D:3      | Noticed Grinder
  2424 | D:3      | Paralysed by Grinder for 6 turns
  2437 | D:3      | Killed Grinder
  2438 | D:3      | Reached XP level 7. HP: 60/60 MP: 6/6
  2699 | D:3      | Noticed ISoar's ghost (amateur GrFi)
  2715 | D:3      | Found a runed translucent gate.
  2715 | D:3      | Found a runed translucent gate.
  2719 | D:3      | Found a runed translucent gate.
  3443 | D:5      | Reached skill level 5 in Fighting
  3675 | D:5      | Reached skill level 4 in Axes
  4183 | D:6      | You fall into a shaft and drop 1 floor!
  4239 | D:7      | Reached skill level 5 in Armour
  4239 | D:7      | Reached XP level 8. HP: 68/68 MP: 7/7
  4247 | D:7      | Reached skill level 5 in Axes
  4809 | D:6      | Reached skill level 6 in Axes
  5155 | D:6      | HP: 2/70 [yak (8)]
  5917 | D:6      | Reached skill level 7 in Axes
  5917 | D:6      | Reached XP level 9. HP: 58/75 MP: 3/8
  6123 | D:6      | Reached skill level 8 in Axes
  6126 | D:6      | Found a burning altar of Makhleb.
  6937 | D:5      | Reached skill level 9 in Axes
  6945 | D:5      | Reached skill level 5 in Dodging
  7441 | D:6      | Found a staircase to the Ecumenical Temple.
  7452 | Temple   | Entered the Ecumenical Temple
  8248 | Temple   | Became a worshipper of Ashenzari the Shackled
  8978 | D:7      | Found an opulent altar of Gozag.
  9232 | D:8      | Found a shimmering blue altar of Sif Muna.
  9296 | D:8      | Found a glowing silver altar of Zin.
  9417 | D:8      | Noticed a gargoyle
  9433 | D:8      | Killed a gargoyle
  9446 | D:8      | HP: 3/79 [poisoned by an orc warrior]
  9446 | D:8      | Slain by an orc warrior

Illustrated notes

Levels and vault maps discovered:
D:1:      scummos_arrival_star, layout_basic,
          shapermc_ecumenical_altar_totnotflames, item_on_display_a
D:2:      layout_loops_ring, minmay_3d_cube, uniq_natasha
D:3:      layout_loops_cross, gammafunk_ghost_split, uniq_grinder, uniq_sigmund
D:4:      layout_rooms
D:5:      layout_basic
D:6:      minmay_chambers_of_sixes, layout_cave_pools, marbit_many_paths,
          minmay_temple_entry_slanted, due_unseen_surprise
D:7:      layout_loops_ring, grunt_gozag_statues
D:8:      minmay_weird_star, layout_loops_corners,
          nicolae_overflow_hidden_temple, uniq_harold
Temple:   dpeg_five_rooms_temple

Skill      XL: |  1  2  3  4  5  6  7  8  9 |
---------------+----------------------------+-----
Fighting       | 4 5 6 7 |  7.5
Axes           | 3 4 7 9 |  9.4
Armour         | 1 3 5 7 8 |  8.7
Stealth        | 5 6 |  6.4
Short Blades   | 2 3 |  3.7
Dodging        | 3 4 5 |  5.0
Evocations     | |  0.1

Action                   |  1- 3 |  4- 6 |  7- 9 || total
-------------------------+-------+-------+-------++-------
Melee: Hand axe          |    19 |    48 |   254 ||   321
       Headbutt          |     6 |    20 |    60 ||    86
       Short sword       |       |    69 |       ||    69
Evoke: Wand              |       |     1 |     2 ||     3
  Use: Scroll            |     1 |       |     9 ||    10
       Potion            |       |       |     4 ||     4
 Stab: Sleeping          |       |     7 |     3 ||    10
Armor: Ring mail         |     9 |     3 |       ||    12
       Scale mail        |       |    48 |   135 ||   183
       Chain mail        |       |       |    27 ||    27
Dodge: Dodged            |    10 |    63 |   176 ||   249
